 Dungeon Crawl Stone Soup version 0.30-a0-154-gb106f4c828 (webtiles) character file.

Game seed: 17974021935744259482

142 Decritt the Trooper (level 5, -4/41 HPs)
             Began as a Djinni Conjurer on Sept 27, 2022.
             Slain by an orc
             ... wielding a +0 falchion
              (7 damage)
             ... on level 3 of the Dungeon.
             The game lasted 00:05:20 (2896 turns).

Decritt the Trooper (Djinni Conjurer)               Turns: 2896, Time: 00:05:20

Health: -4/41      AC:  2    Str:  6    XL:     5   Next: 50%
Gold:   71         EV: 11    Int: 21    God:
                   SH:  4    Dex: 12

rFire   + + .      SeeInvis .    p - staff of air
rCold   x . .      Faith    .    h - +0 buckler
rNeg    . . .      Spirit   .    a - +0 robe
rPois   ∞          Reflect  .    (no helmet)
rElec   +          Harm     .    i - scarf {repulsion}
rCorr   .          Rampage  .    (no gloves)
Will    .....                    (boots unavailable)
Stlth   ++........               (no amulet)
HPRegen 0.13/turn                (no ring)
MPRegen 0.00/turn                (no ring)

@: flying, very slightly contaminated, repel missiles
A: sickness immunity, fire resistance 2, cold vulnerability 1, float, innate
caster, HP casting, extra vitality 1
a: no special abilities


You were on level 3 of the Dungeon.
You visited 1 branch of the dungeon, and saw 3 of its levels.

You collected 131 gold pieces.
You spent 60 gold pieces at shops.

Inventory:

Armour
 a - a +0 robe (worn)
 h - a +0 buckler (worn)
 i - a scarf of repulsion (worn)
 j - a +0 leather armour
Magical Staves
 p - a staff of air (weapon)
Jewellery
 d - a ring of ice
Wands
 m - a wand of iceblast (4)
Scrolls
 g - a scroll of butterflies {unknown}
Potions
 c - 4 potions of might
 e - a potion of lignification {unknown}
 f - 3 potions of berserk rage
 k - a potion of curing
 l - a potion of resistance
 n - a potion of cancellation {unknown}
 o - a potion of brilliance {unknown}


   Skills:
 * Level 3.8 Fighting
 + Level 1.6 Armour
 - Level 2.1 Dodging
 - Level 1.5 Stealth
 + Level 1.6 Shields
 - Level 3.2 Spellcasting


You couldn't memorise any spells.
You knew the following spells:

 Your Spells              Type           Power      Damage    Failure   Level
a - Magic Dart            Conj           68%        1d6       4%          1
b - Searing Ray           Conj           34%        2d5       7%          2
c - Dazzling Flash        Conj/Hex       34%        N/A       13%         3
d - Fulminant Prism       Conj/Hex       8%         3d7       41%         4
e - Iskenderun's Mystic   Conj/Tloc      17%        2d5       41%         4
f - Slow                  Hex            68%        N/A       4%          1
g - Wereblood             Tmut           17%        N/A       7%          2
Your spell library was empty.

Dungeon Overview and Level Annotations

Branches:
Dungeon (3/15)

Altars:

Shops:
D:2 *


Innate Abilities, Weirdness & Mutations

You are immune to sickness and miasma.
You are immune to poison.
Your flesh is very heat resistant. (rF++)
You are vulnerable to cold. (rC-)
You float through the air rather than walking.
You learn spells naturally, not from books.
Your magical power is your life essence.
You have superior vitality. (+4 MHP)


Message History

The giant cockroach bites you but does no damage.
You closely miss the giant cockroach.
The giant cockroach is lightly wounded.
You block the giant cockroach's attack.
You barely miss the giant cockroach.
The giant cockroach is lightly wounded.
The giant cockroach bites you.
* * * LOW HITPOINT WARNING * * *
You block the giant cockroach's attack. The giant cockroach barely misses you.
Casting: Magic Dart (safe; 4% risk of failure)
Confirm with . or Enter, or press ? or * to list all spells.
Aiming: Searing Ray (safe; 7% risk of failure)
Press: ? - help, Shift-Dir - straight line, f/p - giant cockroach
Aim: a giant cockroach (lightly wounded, 78% to hit)
You miscast Searing Ray.
You are very lightly contaminated with residual magic.
Nothing appears to happen.
* * * LOW HITPOINT WARNING * * *
The giant cockroach bites you.
* * * LOW HITPOINT WARNING * * *
Casting: Searing Ray (safe; 7% risk of failure)
Confirm with . or Enter, or press ? or * to list all spells.
Aiming: Searing Ray (safe; 7% risk of failure)
Press: ? - help, Shift-Dir - straight line, f/p - giant cockroach
Aim: a giant cockroach (lightly wounded, 78% to hit)
The searing ray hits the giant cockroach.
You kill the giant cockroach! (Press . to maintain the ray.)
* * * LOW HITPOINT WARNING * * *
Casting: Searing Ray (safe; 7% risk of failure)
Confirm with . or Enter, or press ? or * to list all spells.
Aiming: Magic Dart (safe; 4% risk of failure)
Press: ? - help, Shift-Dir - straight line, f - orc
Aim: an orc, wielding a +0 falchion (unusually resistant, 100% to hit)
The magic dart hits the orc.
The orc is almost dead.
* * * LOW HITPOINT WARNING * * *
The orc hits you with a +0 falchion!
You die...

c.....#
.....
.....
## ...
.. ...
#.###
#.# ...
#.# #.#
#.##.#
#.#
#..o@#
#.#
######
###.#
.#.#
..###.#
#.....#
#.# #)#
#. #)#
#. #)#


You could see an orc (resistant).

Vanquished Creatures
  A centaur (D:3)
  An adder (D:2)
  A worm (D:2)
  A dart slug (D:3)
  5 orcs (D:3)
  3 ball pythons
  4 endoplasms
  3 giant cockroaches
  4 goblins (D:1)
  2 hobgoblins (D:1)
  3 quokkas
  6 bats
  5 frilled lizards
  5 kobolds
  6 rats
50 creatures vanquished.

Notes
Turn   | Place    | Note
-------+----------+-------------------------------------------
     0 | D:1      | Decritt the Djinni Conjurer began the quest for the Orb.
     0 | D:1      | Decritt set off with the following spells memorised: Magic
                  | Dart, Searing Ray, Dazzling Flash, Fulminant Prism,
                  | Iskenderun's Mystic Blast.
     0 | D:1      | Reached XP level 1. HP: 15/15 MP: 0/0
    19 | D:1      | Reached skill level 1 in Fighting
   233 | D:1      | Reached XP level 2. HP: 20/22 MP: 0/0
   382 | D:1      | Found a faded altar of an unknown god.
   772 | D:1      | Reached XP level 3. HP: 23/29 MP: 0/0
   772 | D:1      | Learned a level 1 spell: Slow
  1827 | D:2      | Reached XP level 4. HP: 29/34 MP: 0/0
  1969 | D:2      | Found Kuruiw Byibe's General Store.
  1977 | D:2      | Bought a potion of curing for 30 gold pieces
  1977 | D:2      | Bought a potion of curing for 30 gold pieces
  2830 | D:3      | Noticed a centaur
  2880 | D:3      | Killed a centaur
  2881 | D:3      | Reached skill level 1 in Armour
  2881 | D:3      | Reached skill level 1 in Shields
  2881 | D:3      | Reached XP level 5. HP: 4/41 MP: 0/0
  2881 | D:3      | Learned a level 2 spell: Wereblood
  2896 | D:3      | Slain by an orc

Illustrated notes

Levels and vault maps discovered:
D:1:      psy_arrival_terrarium, layout_loops_cross,
          hellmonk_ecumenical_altar_inner_sanctum, due_unseen_surprise
D:2:      layout_basic, serial_shops, shop
D:3:      layout_basic, uniq_terence

Skill      XL: |  1  2  3  4 |
---------------+-------------+-----
Fighting       | 1 2 3 |  3.8
Armour         | 1 |  1.6
Shields        | 1 |  1.6
Dodging        | |  2.1
Stealth        | |  1.5
Spellcasting   | |  3.2

Action                   |  1- 3 |  4- 6 || total
-------------------------+-------+-------++-------
Melee: Unarmed           |    25 |       ||    25
       Staff             |       |     4 ||     4
 Cast: Magic Dart        |    68 |    22 ||    90
       Searing Ray       |       |     5 ||     5
       Slow              |       |     1 ||     1
  Use: Scroll            |     5 |     2 ||     7
       Potion            |       |     1 ||     1
Armor: Robe              |     2 |     1 ||     3
Dodge: Dodged            |    17 |     5 ||    22
Block: Buckler           |     3 |     4 ||     7

Table legend: (Time is in decaauts)
 A = Elapsed time spent in this place.
 B = Non-inter-level travel time spent in this place.
 C = Inter-level travel time spent in this place.
 D = Time resting spent in this place.
 E = Time spent auto-exploring this place.
 F = Levels seen in this place.
 G = Mean time per level.
                   A        B        C        D        E       F      G
               +--------+--------+--------+--------+--------+-----+--------+
         Total |   2896 |   2857 |     39 |    250 |   2338 |   3 |  965.3 |
       Dungeon |   2896 |   2857 |     39 |    250 |   2338 |   3 |  965.3 |
               +--------+--------+--------+--------+--------+-----+--------+

Top non-repeatable levels by time:
     D:2: 1277 daAuts
     D:1: 1176 daAuts
     D:3: 443 daAuts
